 Dungeon Crawl Stone Soup version 0.29.0-4-gdea44cf6ec (webtiles) character file.

Game seed: 15083628169324500590

364 qw the Ruffian (level 6, -4/51 HPs)
             Began as a Ghoul Fire Elementalist on Aug 29, 2022.
             Slain by a two-headed ogre
             ... wielding a +0 giant club
              (6 damage)
             ... on level 4 of the Dungeon.
             The game lasted 00:02:24 (3922 turns).

qw the Ruffian (Ghoul Fire Elementalist)            Turns: 3922, Time: 00:02:24

Health: -4/51      AC:  6    Str: 14    XL:     6   Next: 67%
Magic:  7/7        EV: 10    Int: 10    God:
Gold:   101        SH:  0    Dex:  9    Spells: 7/8 levels left

rFire   . . .      SeeInvis .     - Unarmed
rCold   + . .      Faith    .   (no shield)
rNeg    + + +      Spirit   .   b - +0 ring mail
rPois   inf        Reflect  .   (no helmet)
rElec   .          Harm     .   (no cloak)
rCorr   .          Rampage  .   (no gloves)
Will    .....                   d - +0 pair of boots
Stlth   +.........              (no amulet)
HPRegen 0.00/turn               (no ring)
MPRegen 0.10/turn               (no ring)

@: inhibited regen
A: claws 1, cold resistance 1, negative energy resistance 3, inhibited
regeneration, torment resistance 2, devour on kill
a: no special abilities


You were on level 4 of the Dungeon.
You visited 1 branch of the dungeon, and saw 4 of its levels.

You collected 101 gold pieces.


Innate Abilities, Weirdness & Mutations

You are immune to poison.
You have sharp fingernails.
Your flesh is cold resistant. (rC+)
You are immune to negative energy. (rN+++)
You do not regenerate when monsters are visible.
You are immune to unholy pain and torment.
You thrive by killing the living.


   Skills:
 - Level 3.2 Fighting
 - Level 1.0 Throwing
 - Level 1.7 Dodging
 - Level 2.1 Stealth
 + Level 5.9 Unarmed Combat
 - Level 1.7 Spellcasting
 - Level 0.7 Conjurations
 - Level 2.4 Fire Magic


You had 7 spell levels left.
You knew the following spells:

 Your Spells              Type           Power      Damage    Failure   Level
a - Foxfire               Conj/Fire      16%        2x1d4     34%         1

Your spell library contained the following spells:

 Spells                   Type           Power      Damage    Failure   Level
 Scorch                   Fire           10%        2d6       36%         2
 Conjure Flame            Conj/Fire      4%         6-21      71%         3
 Inner Flame              Hex/Fire       3%         N/A       77%         3
 Flame Wave               Conj/Fire      4%         2d5       98%         4

Inventory:

Missiles
 i - 6 javelins (quivered)
Armour
 b - a +0 ring mail (worn)
 c - a +0 scale mail
 d - a +0 pair of boots (worn)
Potions
 a - 2 potions of heal wounds {unknown}
 e - a potion of mutation {unknown}
 f - a potion of berserk rage {unknown}
 g - 2 potions of haste {unknown}
 h - a potion of resistance

Dungeon Overview and Level Annotations

Branches:
Dungeon (4/15)
 Temple: D:4-7

Altars:


Message History

An ogre comes into view. It is wielding a +0 giant club.
You scratch the orc.
You kill the orc!
You scratch the goblin.
You kill the goblin!
You feel better.
An ogre comes into view. It is wielding a +0 giant spiked club.
3911 ||| Stepping ~*~*~tactically~*~*~ (outnumbered).
3912 ||| Stepping ~*~*~tactically~*~*~ (outnumbered).
The endoplasm jiggles.
You scratch the endoplasm.
The endoplasm is almost dead.
The endoplasm hits you but does no damage.
You scratch the endoplasm.
You kill the endoplasm!
You claw the two-headed ogre!
The two-headed ogre is lightly wounded.
The two-headed ogre closely misses you.
The two-headed ogre hits you with a +0 giant club!!
You scratch the two-headed ogre but do no damage.
The two-headed ogre is lightly wounded.
You scratch the two-headed ogre but do no damage.
The two-headed ogre is lightly wounded.
The two-headed ogre misses you. The two-headed ogre closely misses you.
You claw the two-headed ogre!
The two-headed ogre is moderately wounded.
The two-headed ogre hits you with a +0 giant club!
The two-headed ogre barely misses you.
You scratch the two-headed ogre.
The two-headed ogre is moderately wounded.
You scratch the two-headed ogre but do no damage.
The two-headed ogre is moderately wounded.
The two-headed ogre barely misses you.
The two-headed ogre hits you with a +0 giant club!
You scratch the two-headed ogre.
The two-headed ogre is moderately wounded.
You scratch the two-headed ogre.
The two-headed ogre is moderately wounded.
The two-headed ogre hits you with a +0 giant club.
You die...

.#####.####.######..######..#
.......####.................#
######.)##...####.....####..#
#.........#).##...## #..#
#..###.....#...##.## .#..#
###..........##...#.# ..##..#
.#######.#....##.)#.#'.# ..##
.# #.#.....###...###...# .##
###.#......@OO8........
..####.........###...###..
#..........#..##.)#.#+
..####.......##...#.#
#....#.....#.#...##.#
##.#.......#.#[)##...
.............#### ..
......>)...#..........
##...........#.####(##


You could see a two-headed ogre and an ogre.

Vanquished Creatures
  An ogre (D:4)
  2 necrophages
  2 jellies (D:4)
  2 adders
  A worm (D:2)
  A dart slug (D:3)
  3 orcs (D:4)
  4 bats
  6 endoplasms
  4 giant cockroaches
  5 hobgoblins
  5 jackals
  A quokka (D:1)
  4 ball pythons
  3 frilled lizards
  11 goblins
  11 kobolds
  5 rats
71 creatures vanquished.

Notes
Turn   | Place    | Note
-------+----------+-------------------------------------------
     0 | D:1      | qw the Ghoul Fire Elementalist began the quest for the Orb.
     0 | D:1      | Reached XP level 1. HP: 14/14 MP: 2/2
     0 | D:1      | 0 ||| qw: Version: 0.1-a-90-g952f4b7
     0 | D:1      | 0 ||| qw: Game counter: 4203
     0 | D:1      | 0 ||| qw: Always use a shield: true
     0 | D:1      | 0 ||| qw: God list: Okawaru
     0 | D:1      | 0 ||| qw: Allow faded altars: false
     0 | D:1      | 0 ||| qw: Do Orc after D:15 true
     0 | D:1      | 0 ||| qw: Do second Lair branch before Depths: true
     0 | D:1      | 0 ||| qw: Lair rune preference: random
     0 | D:1      | 0 ||| qw: Plans: Normal
     0 | D:1      | 0 ||| PLANNING D:1-11
   463 | D:1      | Reached skill level 1 in Unarmed Combat
   542 | D:1      | Reached skill level 1 in Fighting
   542 | D:1      | Reached XP level 2. HP: 23/23 MP: 3/3
   555 | D:1      | 555 ||| Stepping ~*~*~tactically~*~*~ (stealth).
   557 | D:1      | 557 ||| Stepping ~*~*~tactically~*~*~ (stealth).
   567 | D:1      | 567 ||| Stepping ~*~*~tactically~*~*~ (stealth).
   568 | D:1      | 568 ||| Stepping ~*~*~tactically~*~*~ (stealth).
   639 | D:1      | 639 ||| Stepping ~*~*~tactically~*~*~ (stealth).
   642 | D:1      | 642 ||| Stepping ~*~*~tactically~*~*~ (stealth).
   644 | D:1      | 644 ||| Stepping ~*~*~tactically~*~*~ (stealth).
   650 | D:1      | Found a faded altar of an unknown god.
   666 | D:1      | 666 ||| Stepping ~*~*~tactically~*~*~ (stealth).
   668 | D:1      | 668 ||| Stepping ~*~*~tactically~*~*~ (stealth).
   833 | D:1      | 833 ||| Stepping ~*~*~tactically~*~*~ (outnumbered).
   834 | D:1      | 834 ||| Stepping ~*~*~tactically~*~*~ (outnumbered).
   846 | D:1      | Reached skill level 2 in Unarmed Combat
   852 | D:1      | 852 ||| Stepping ~*~*~tactically~*~*~ (stealth).
  1030 | D:1      | Reached XP level 3. HP: 27/28 MP: 4/4
  1046 | D:1      | 1046 ||| Stepping ~*~*~tactically~*~*~ (stealth).
  1047 | D:1      | 1047 ||| Stepping ~*~*~tactically~*~*~ (stealth).
  1049 | D:1      | 1049 ||| Stepping ~*~*~tactically~*~*~ (stealth).
  1135 | D:1      | 1135 ||| Stepping ~*~*~tactically~*~*~ (stealth).
  1253 | D:1      | 1253 ||| UPGRADING to +0 pair of boots.
  1258 | D:1      | 1258 ||| UPGRADING to +0 leather armour.
  1268 | D:1      | 1268 ||| DROPPING +0 robe.
  1269 | D:1      | 1269 ||| READING scroll labelled EKESAI RAMAXZEJ.
  1270 | D:1      | 1270 ||| DROPPING potion of magic.
  1442 | D:2      | Reached skill level 3 in Unarmed Combat
  1504 | D:2      | 1504 ||| Stepping ~*~*~tactically~*~*~ (stealth).
  1629 | D:2      | 1629 ||| Stepping ~*~*~tactically~*~*~ (stealth).
  1764 | D:2      | Reached XP level 4. HP: 31/35 MP: 5/5
  2263 | D:2      | 2263 ||| UPGRADING to +0 ring mail.
  2273 | D:2      | 2273 ||| DROPPING +0 leather armour.
  2274 | D:2      | 2274 ||| DRINKING 2 purple potions.
  2275 | D:2      | 2275 ||| DRINKING 2 black potions.
  2276 | D:2      | 2276 ||| DROPPING potion of invisibility.
  2277 | D:2      | 2277 ||| DROPPING potion of attraction.
  2507 | D:3      | Noticed a necrophage
  2528 | D:3      | Killed a necrophage
  2529 | D:3      | Reached skill level 4 in Unarmed Combat
  2529 | D:3      | Reached XP level 5. HP: 15/40 MP: 6/6
  3197 | D:3      | 3197 ||| DRINKING 2 fuming coppery potions.
  3198 | D:3      | 3198 ||| DRINKING 2 smoky golden potions.
  3199 | D:3      | 3199 ||| DROPPING potion of lignification.
  3239 | D:4      | 3239 ||| Stepping ~*~*~tactically~*~*~ (stealth).
  3247 | D:4      | Noticed an ogre
  3248 | D:4      | 3248 ||| Stepping ~*~*~tactically~*~*~ (outnumbered).
  3259 | D:4      | Reached skill level 3 in Fighting
  3262 | D:4      | HP: 5/45 [ogre/+0 giant club (12)]
  3263 | D:4      | Killed an ogre
  3264 | D:4      | Reached skill level 5 in Unarmed Combat
  3264 | D:4      | Reached XP level 6. HP: 6/51 MP: 7/7
  3293 | D:4      | 3293 ||| FLEEEEING.
  3294 | D:4      | 3294 ||| FLEEEEING.
  3295 | D:4      | 3295 ||| FLEEEEING.
  3297 | D:4      | 3297 ||| FLEEEEING.
  3298 | D:4      | 3298 ||| FLEEEEING.
  3299 | D:4      | 3299 ||| FLEEEEING.
  3300 | D:4      | 3300 ||| FLEEEEING.
  3301 | D:4      | 3301 ||| FLEEEEING.
  3302 | D:4      | 3302 ||| FLEEEEING.
  3303 | D:4      | 3303 ||| FLEEEEING.
  3304 | D:4      | 3304 ||| STAIRDANCE
  3542 | D:4      | Reached skill level 1 in Throwing
  3572 | D:4      | 3572 ||| Stepping ~*~*~tactically~*~*~ (stealth).
  3883 | D:4      | 3883 ||| Stepping ~*~*~tactically~*~*~ (stealth).
  3885 | D:4      | 3885 ||| Stepping ~*~*~tactically~*~*~ (stealth).
  3907 | D:4      | Noticed a two-headed ogre
  3911 | D:4      | 3911 ||| Stepping ~*~*~tactically~*~*~ (outnumbered).
  3912 | D:4      | 3912 ||| Stepping ~*~*~tactically~*~*~ (outnumbered).
  3920 | D:4      | HP: 2/51 [two-headed ogre/+0 giant club (15)]
  3922 | D:4      | Slain by a two-headed ogre

Levels and vault maps discovered:
D:1:      dpeg_arrival_rooms_a, layout_loops_ring,
          hellmonk_ecumenical_altar_heavens_door, skrybe_limestone_x,
          bh_walls_and_bars
D:2:      layout_loops_corners, dreamdust_wishing_well, serial_bayou_pond_d
D:3:      layout_loops_ring, nicolae_overflow_crystal_walls,
          kennysheep_generic_room_9
D:4:      cheibrodos_barr_body, layout_rooms, gammafunk_temple_of_torment

Skill      XL: |  1  2  3  4  5  6 |
---------------+-------------------+-----
Unarmed Combat | 1 2 3 4 5 |  5.9
Fighting       | 1 3 |  3.2
Throwing       | 1 |  1.0
Dodging        | |  1.7
Stealth        | |  2.1
Spellcasting   | |  1.7
Conjurations   | |  0.7
Fire Magic     | |  2.4

Action                   |  1- 3 |  4- 6 || total
-------------------------+-------+-------++-------
Melee: Unarmed           |   101 |   114 ||   215
       Punch             |     2 |     5 ||     7
Throw: Javelin           |    19 |     9 ||    28
  Use: Scroll            |     1 |       ||     1
       Potion            |       |     4 ||     4
 Stab: Distracted        |     1 |       ||     1
Armor: Robe              |     8 |       ||     8
       Leather armour    |     6 |       ||     6
       Ring mail         |       |    32 ||    32
Dodge: Dodged            |    44 |    38 ||    82

Table legend:
 A = Non-vault XP
 B = Vault XP
 C = Vault XP percentage of total XP
 D = Non-vault monster count
 E = Vault monster count
 F = Vault count percentage of total count
                 A         B        C        D         E       F
            +---------+---------+-------+---------+---------+-------
      Total |     415 |     106 |  20.3 |      63 |       8 |  11.3
            +---------+---------+-------+---------+---------+-------
        D:1 |      49 |       0 |   0.0 |      29 |       0 |   0.0
        D:2 |      35 |       0 |   0.0 |      15 |       0 |   0.0
        D:3 |      30 |      93 |  75.6 |      10 |       2 |  16.7
        D:4 |     301 |      13 |   4.1 |       9 |       6 |  40.0
            +---------+---------+-------+---------+---------+-------
